 Dungeon Crawl Stone Soup version 0.23-a0-8-gb809bb70e4 (webtiles) character file.

52 GordonOverkill the Grave Robber (level 3, 0/26 HPs)
             Began as a Mummy Necromancer on Aug 1, 2018.
             Slain by a worm (5 damage)
             ... on level 3 of the Dungeon.
             The game lasted 00:03:38 (2154 turns).

GordonOverkill the Grave Robber (Mummy Necromancer) Turns: 2154, Time: 00:03:39

Health: 0/26       AC:  4    Str: 11    XL:     3   Next: 60%
Magic:  7/7        EV: 12    Int: 15    God:
Gold:   99         SH:  0    Dex: 12    Spells: 6/8 levels left

rFire    x . .     SeeInvis .   f - +2 whip (venom)
rCold    + . .     Gourm    .   (no shield)
rNeg     + + +     Faith    .   a - +0 robe
rPois    ∞         Spirit   .   d - +0 helmet (curse)
rElec    .         Reflect  .   j - +0 cloak
rCorr    .         Harm     .   (no gloves)
MR       .....                  (no boots)
Stlth    ++........             (no amulet)
HPRegen  0.08/turn              (no ring)
MPRegen  0.10/turn              (no ring)

@: no status effects
A: no food or potions, fire vulnerability, cold resistance 1, negative energy
resistance 3, torment resistance, unbreathing
a: no special abilities


You were on level 3 of the Dungeon.
You were not hungry.

You visited 1 branch of the dungeon, and saw 3 of its levels.

You collected 99 gold pieces.

Inventory:

Hand Weapons
 f - a +2 whip of venom (weapon)
Armour
 a - a +0 robe (worn)
 d - a cursed +0 helmet (worn)
 j - a +0 cloak (worn)
Jewellery
 i - an uncursed ring of resist corrosion {unknown}
Scrolls
 b - a scroll of noise {unknown}
 c - 2 scrolls of enchant weapon {unknown}
 e - a scroll of blinking {unknown}
 g - a scroll of fog {unknown}
 h - 2 scrolls of teleportation {unknown}
 k - a scroll of enchant armour {unknown}
 l - a scroll of remove curse {unknown}
 m - a scroll of magic mapping {unknown}
 n - a scroll of amnesia {unknown}


   Skills:
 + Level 1.3 Fighting
 - Level 2.0 Dodging
 - Level 2.0 Stealth
 + Level 3.3 Spellcasting
 + Level 4.3 Necromancy


You had 6 spell levels left.
You knew the following spells:

 Your Spells              Type           Power        Failure   Level  Hunger
a - Pain                  Necr           ###.         3%          1    N/A
b - Animate Skeleton      Necr           N/A          3%          1    N/A

Your spell library contained the following spells:

 Spells                   Type           Power        Failure   Level  Hunger
 Animate Dead             Necr           N/A          32%         4    N/A
 Vampiric Draining        Necr           ###.......   10%         3    N/A
 Regeneration             Chrm/Necr      #.........   24%         3    N/A

Dungeon Overview and Level Annotations

Branches:
Dungeon (3/15)

Altars:


Innate Abilities, Weirdness & Mutations

You do not eat or drink.
Your flesh is vulnerable to fire.
You are immune to poison.
Your flesh is cold resistant. (rC+)
You are immune to negative energy. (rN+++)
You are immune to unholy pain and torment.
You can survive without breathing.


Message History

The adder is heavily wounded.
The adder completely misses you. The adder closely misses you.
You hit the adder.
The adder is poisoned.
The adder is severely wounded.
The adder bites you.
Your kobold skeleton hits the adder with a dagger.
You hit the adder.
You kill the adder!
No target in view!
No target in view!
No target in view!
Found a spear.
Found a stone staircase leading up.
A worm comes into view.
The worm bites you! The worm bites you!
* * * LOW HITPOINT WARNING * * *
You are too injured to fight recklessly!
Your kobold skeleton hits the worm but does no damage.
You swap places.
The worm bites you.
You die...

#.#..#.#. .. #...#..#. ..
#.##..... #.# ##.#..#...
#<# ####..#.##... ###.#
#..Z....#####
##..Z###.#...###
##.###..##.ZZ.###Z#
#..)...Z@..#### #Z#
#......w#########Z#
#................Z#######
#.......#######...Z.Z....
#.......# ###########
#########


You could see a worm, a friendly goblin skeleton, a friendly kobold skeleton and
a friendly orc skeleton.

Vanquished Creatures
  An adder (D:3)
  A dart slug (D:1)
  3 orcs (D:3)
  2 ball pythons (D:2)
  3 goblins
  5 hobgoblins
  2 jackals (D:1)
  4 kobolds
  A quokka (D:2)
  6 bats
  2 frilled lizards (D:1)
  7 rats
37 creatures vanquished.

Vanquished Creatures (collateral kills)
  A hobgoblin (D:1)
1 creature vanquished.

Grand Total: 38 creatures vanquished

Notes
Turn   | Place    | Note
-------+----------+-------------------------------------------
     0 | D:1      | GordonOverkill the Mummy Necromancer began the quest for the Orb.
     0 | D:1      | Reached XP level 1. HP: 13/13 MP: 4/4
   350 | D:1      | Reached XP level 2. HP: 20/20 MP: 0/5
   741 | D:1      | Learned a level 1 spell: Animate Skeleton
  1325 | D:2      | Reached skill level 1 in Fighting
  1500 | D:2      | Reached XP level 3. HP: 26/26 MP: 4/7
  2154 | D:3      | Slain by a worm

Vault maps used:
D:1:      shiori_arrival_maze
D:2:      first_ration, supply_closet_lemuel, minmay_tromino_v2
D:3:      minmay_misc_feat_chi, lemuel_blue_sif_altar

Skill      XL: |  1  2  3 |
---------------+----------+-----
Spellcasting   | 3 |  3.3
Fighting       | 1 |  1.3
Stealth        | 2 |  2.0
Dodging        | 2 |  2.0
Necromancy     | |  4.3

Action                   || total
-------------------------++-------
Melee: Unarmed           ||    14
       Whip              ||    21
 Cast: Pain              ||    65
       Animate Skeleton  ||    11
Armor: Robe              ||     5
Dodge: Dodged            ||    36

Table legend:
 A = Spawn XP
 B = Non-spawn XP
 C = Spawn XP percentage of total XP
 D = Spawn monster count
 E = Non-spawn monster count
 F = Spawn count percentage of total count
 G = Total turns spent on level
                    A         B        C        D         E        F      G
               +---------+---------+-------+---------+---------+-------+---------
         Total |       0 |      75 |   0.0 |       0 |      38 |   0.0 |  2154
               +---------+---------+-------+---------+---------+-------+---------
           D:1 |       0 |      33 |   0.0 |       0 |      20 |   0.0 |  1082
           D:2 |       0 |      14 |   0.0 |       0 |       9 |   0.0 |   819
           D:3 |       0 |      28 |   0.0 |       0 |       9 |   0.0 |   253
               +---------+---------+-------+---------+---------+-------+---------
